 Dungeon Crawl Stone Soup version 0.24-a0-784-g601f8f6d22 (webtiles) character file.

Game seed: 2490095367245267635, levelgen mode: deterministic

5 Arixos the Sneak (level 1, -1/10 HPs)
             Began as a Vampire Enchanter on Oct 8, 2019.
             Slain by a jackal (2 damage)
             ... on level 1 of the Dungeon.
             The game lasted 00:00:52 (266 turns).

Arixos the Sneak (Vampire Enchanter)                 Turns: 266, Time: 00:00:53

Health: -1/10      AC:  2    Str:  7    XL:     1   Next: 66%
Magic:  2/3        EV: 12    Int: 17    God:
Gold:   0          SH:  0    Dex: 14    Spells: 3/4 levels left

rFire    . . .     SeeInvis +   a - +1 dagger
rCold    + + .     Gourm    .   (no shield)
rNeg     + + +     Faith    .   b - +0 robe
rPois    ∞         Spirit   .   (no helmet)
rElec    .         Reflect  .   (no cloak)
rCorr    .         Harm     .   (no gloves)
MR       .....                  (no boots)
Stlth    +++++.....             (no amulet)
HPRegen  0.00/turn              (no ring)
MPRegen  0.08/turn              (no ring)

@: bloodless, regenerating quickly
A: no food, fangs 3, see invisible, unbreathing
a: Revivify


You were on level 1 of the Dungeon.
You were bloodless.

You visited 1 branch of the dungeon, and saw 1 of its levels.

Inventory:

Hand Weapons
 a - a +1 dagger (weapon)
Armour
 b - a +0 robe (worn)


   Skills:
 + Level 0.2 Fighting
 + Level 1.2 Short Blades
 + Level 2.2 Dodging
 + Level 4.5 Stealth
 + Level 2.0 Spellcasting
 + Level 4.5 Hexes


You had 3 spell levels left.
You knew the following spells:

 Your Spells              Type           Power        Failure   Level  Hunger
a - Corona                Hex            ###....      3%          1    N/A

Your spell library contained the following spells:

 Spells                   Type           Power        Failure   Level  Hunger
 Confuse                  Hex            ###.....     9%          3    N/A
 Tukima's Dance           Hex            ###.....     9%          3    N/A
 Ensorcelled Hibernation  Hex/Ice        #.....       12%         2    N/A
 Dazzling Spray           Conj/Hex       #.....       22%         3    N/A

Dungeon Overview and Level Annotations

Branches:
Dungeon (1/15)

Altars:


Innate Abilities, Weirdness & Mutations

You do not eat.
You do not regenerate when monsters are visible.
You are frail without blood (-20% HP).
You are immune to poison.
You have razor-sharp teeth.
You have supernaturally acute eyesight. (SInv)
You can survive without breathing.


Message History

* * * LOW HITPOINT WARNING * * *
Casting: Corona (safe; 3% risk of failure)
Confirm with . or Enter, or press ? or * to list all spells.
Aiming: Corona (safe; 3% risk of failure)
Press: ? - help, Shift-Dir - straight line, f - jackal
Aim: a jackal (heavily wounded, chance to defeat MR: 71%)
The jackal is outlined in light.
The jackal bites you.
* * * LOW HITPOINT WARNING * * *
The jackal closely misses you.
You hit the jackal.
The jackal is severely wounded.
The jackal bites you.
* * * LOW HITPOINT WARNING * * *
You hit the jackal but do no damage.
The jackal is severely wounded.
The jackal bites you but does no damage.
You hit the jackal.
The jackal is almost dead.
The jackal bites you.
You die...

#.## ... .. #.# ...#
### .. .. #...#
(.(###.##
....#####...# #
..((#...# .
#...##..##. (..(#...#
#.#......... (8(('.<.#
#.#.#)#.#.#####
(.((#...#
#..h..........
(((.#...#
#...#h#.#.#..#########
.(.###.##
#.#.#@#.†.............
(..# ### # #
#####.##...#######
#.## ..............#..
#'# .#.######.#.#.#.#
..# #.#..........#.#
### #.#.####.#####.. #
#.#.####.#......
#.#........#.###..
#.#.....######.# ##.


You could see 2 jackals.

Vanquished Creatures
  A goblin (D:1)
  A jackal (D:1)
  A bat (D:1)
  A frilled lizard (D:1)
  2 rats (D:1)
6 creatures vanquished.

Notes
Turn   | Place    | Note
-------+----------+-------------------------------------------
     0 | D:1      | Arixos the Vampire Enchanter began the quest for the Orb.
     0 | D:1      | Reached XP level 1. HP: 13/13 MP: 3/3
   266 | D:1      | Slain by a jackal

Levels and vault maps discovered:
D:1:      minmay_arrival_shattered_statue, layout_basic

Action                   || total
-------------------------++-------
Melee: Dagger            ||    23
       Bite              ||     1
 Cast: Corona            ||     2
 Abil: Exsanguinate      ||     1
 Stab: Sleeping          ||     4
Armor: Robe              ||     4
Dodge: Dodged            ||    11

Table legend:
 A = Non-vault XP
 B = Vault XP
 C = Vault XP percentage of total XP
 D = Non-vault monster count
 E = Vault monster count
 F = Vault count percentage of total count
                 A         B        C        D         E       F
            +---------+---------+-------+---------+---------+-------
      Total |       8 |       0 |   0.0 |       6 |       0 |   0.0
            +---------+---------+-------+---------+---------+-------
        D:1 |       8 |       0 |   0.0 |       6 |       0 |   0.0
            +---------+---------+-------+---------+---------+-------
